 Dungeon Crawl Stone Soup version 0.30-a0-739-gea05faddec (webtiles) character file.

Game seed: 4287698782241532379

2940 cheesebisquit the Grappler (level 9, -2/80 HPs)
             Began as a Troll Fighter on Feb 4, 2023.
             Was a Believer of Makhleb.
             Slain by a hornet zombie (7 damage)
             ... on level 7 of the Dungeon.
             The game lasted 00:19:57 (5571 turns).

cheesebisquit the Grappler (Troll Fighter)          Turns: 5571, Time: 00:19:57

Health: -2/80      AC:  5    Str: 30    XL:     9   Next: 51%
Magic:  8/8        EV:  8    Int:  4    God:    Makhleb [**....]
Gold:   654        SH:  7    Dex:  9    Spells: 8/8 levels left

rFire   . . .      SeeInvis .      - Unarmed
rCold   . . .      Faith    .    b - +0 kite shield
rNeg    . . .      Spirit   .    a - +0 robe
rPois   .          Reflect  .    (helmet restricted)
rElec   .          Harm     .    t - +0 cloak
rCorr   .          Rampage  .    (gloves unavailable)
Will    +....                    (boots unavailable)
Stlth   +                        (no amulet)
HPRegen 1.13/turn                g - ring of willpower
MPRegen 0.11/turn                (no ring)

@: no status effects
A: large, unfitting armour, claws 3, regeneration 1, shaggy fur 1, tough skin 1
a: Renounce Religion, Minor Destruction


You were on level 7 of the Dungeon.
You worshipped Makhleb.
Makhleb was pleased with you.
You visited 1 branch of the dungeon, and saw 7 of its levels.
You also visited: Ossuary.

You collected 654 gold pieces.

Inventory:

Missiles
 f - 2 boomerangs
 u - a poisoned dart
 C - a stone
Armour
 a - a +0 robe (worn)
 b - a +0 kite shield (worn)
 t - a +0 cloak (worn)
Jewellery
 g - a ring of willpower (left claw)
 y - a ring of protection from fire
 B - a ring of magical power
 D - an amulet of guardian spirit
Wands
 o - a wand of digging (7)
Scrolls
 d - 2 scrolls of fear
 h - a scroll of torment {unknown}
 j - a scroll of teleportation {unknown}
 m - a scroll of enchant weapon {unknown}
 p - 2 scrolls of vulnerability {unknown}
 r - a scroll of magic mapping
 v - a scroll of enchant armour {unknown}
 w - 2 scrolls of noise {unknown}
 A - a scroll of identify
Potions
 c - 5 potions of might
 e - 2 potions of attraction
 i - 7 potions of mutation
 k - a potion of invisibility
 l - a potion of cancellation
 n - 4 potions of curing
 q - a potion of berserk rage
 s - 4 potions of magic
 x - a potion of brilliance {unknown}
 z - a potion of haste {unknown}


   Skills:
 - Level 2.6 Fighting
 + Level 7.1 Throwing
 - Level 2.6 Dodging
 - Level 2.8 Shields
 + Level 10.6 Unarmed Combat


You had 8 spell levels left.
You didn't know any spells.
Your spell library contained the following spells:

 Spells                   Type           Power      Damage    Failure   Level
 Sandblast                Erth           0%         2d4       80%         1
 Ensorcelled Hibernation  Hex/Ice        0%         N/A       91%         2
 Passwall                 Tmut/Erth      0%         N/A       91%         2
 Dazzling Flash           Conj/Hex       0%         N/A       99%         3
 Kindle Blastsparks       Fire/Tloc/Air  0%         2d10      99%         3
 Portal Projectile        Hex/Tloc       0%         N/A       99%         3
 Stone Arrow              Conj/Erth      0%         3d7       99%         3
 Swiftness                Air            0%         N/A       99%         3
 Tukima's Dance           Hex            0%         N/A       99%         3
 Animate Dead             Necr           0%         N/A       100%        4
 Fulminant Prism          Conj/Hex       0%         3d5       100%        4
 Iskenderun's Mystic Bla  Conj/Tloc      0%         2d3       100%        4
 Blade Hands              Tmut           0%         N/A       100%        5
 Lee's Rapid Deconstruct  Erth           0%         3d4*      100%        5
 Starburst                Conj/Fire      0%         6d3       100%        6
 Haunt                    Necr/Summ      0%         N/A       100%        7
 Infestation              Necr           0%         N/A       100%        8


Dungeon Overview and Level Annotations

Branches:
Dungeon (7/15)             Temple (0/1) D:6         Ossuary (visited)

Altars:
Elyvilon
Makhleb
Nemelex Xobeh
Sif Muna
Wu Jian


Innate Abilities, Weirdness & Mutations

You are too large for most types of armour.
You have claws for hands.
Your natural rate of healing is unusually fast.
You are covered in fur. (AC +1)
You have tough skin. (AC +1)


Message History

Makhleb accepts your kill. The bullfrog zombie hits you.
You block the hornet zombie's attack. You block the bullfrog zombie's attack.
You scratch the howler monkey zombie but do no damage.
The hornet zombie hits you!
* * * LOW HITPOINT WARNING * * *
The bullfrog zombie hits you.
* * * LOW HITPOINT WARNING * * *
The howler monkey zombie hits you but does no damage.
The hornet zombie barely misses you.
Okay, then.
Okay, then.
Annotate which branch? (. - D:7, ? - help, ! - show branch list)
Okay, then.
Okay, then.
You don't know any spells.
Unknown command.
Aiming: Minor Destruction (22% risk of failure)
Press: ? - help, Q - select action, (/) - cycle Shift-Dir - straight line, f - bullfrog zombie
Aim: a bullfrog zombie The stone arrow hits the bullfrog zombie!
The bullfrog zombie is moderately damaged.
The bullfrog zombie barely misses you. The hornet zombie hits you!
* * * LOW HITPOINT WARNING * * *
The howler monkey zombie hits you but does no damage.
Aiming: Minor Destruction (22% risk of failure)
Press: ? - help, Q - select action, (/) - cycle Shift-Dir - straight line, f/p - bullfrog zombie
Aim: a bullfrog zombie (moderately damaged)
The puff of flame misses the bullfrog zombie.
The bullfrog zombie hits you.
* * * LOW HITPOINT WARNING * * *
The hornet zombie hits you but does no damage.
The howler monkey zombie hits you.
* * * LOW HITPOINT WARNING * * *
A wyvern zombie comes into view.
The bullfrog zombie hits you.
* * * LOW HITPOINT WARNING * * *
It was a potion of cancellation.
You feel magically purged. The hornet zombie hits you!
You die...

.....Z.........
................
..................
.8.................
PP.................#
...................##
.....!ZZZ............ .
.......@............. #
.........8........... +
..................... ##
.......^............. ..
..............†.....# ..
....................# ..
....................##..
........................
......................#


You could see a bullfrog zombie, a wyvern zombie (wandering), a hornet zombie
and a howler monkey zombie.

Vanquished Creatures
  Grinder (D:4)
  Sigmund (D:2)
  2 water moccasins
  A black bear (D:7)
  An orc warrior (D:7)
  A sky beast (D:7)
  An ice beast (D:6)
  3 ogres
  A centaur (D:5)
  Blork the orc (D:4)
  A wyvern zombie (D:7)
  3 necrophages (D:5)
  3 scorpions
  An elf skeleton (D:6)
  3 wights (D:7)
  A centaur zombie (D:7)
  A bullfrog zombie (D:7)
  6 hounds (D:5)
  2 jellies
  4 orc priests
  Crazy Yiuf (D:4)
  2 human skeletons (D:6)
  4 orc wizards
  Terence (D:2)
  An iguana (D:5)
  A killer bee zombie (D:7)
  8 mummies (Ossuary)
  6 adders
  7 gnolls
  A white imp (D:7)
  2 dart slugs (D:1)
  22 orcs
  3 endoplasms
  3 giant cockroaches
  8 goblins
  A hobgoblin (D:2)
  2 kobolds
  9 ball pythons
  3 bats (D:2)
  A frilled lizard (D:2)
  A gnoll zombie (Ossuary)
  4 hobgoblin zombies (Ossuary)
  3 kobold zombies (Ossuary)
  3 orc skeletons (D:6)
  6 rats
141 creatures vanquished.

Notes
Turn   | Place    | Note
-------+----------+-------------------------------------------
     0 | D:1      | cheesebisquit the Troll Fighter began the quest for the
                  | Orb.
     0 | D:1      | Reached XP level 1. HP: 22/22 MP: 0/0
   107 | D:1      | Reached XP level 2. HP: 29/29 MP: 1/1
   759 | D:1      | Found a faded altar of an unknown god.
  1041 | D:2      | Reached skill level 3 in Unarmed Combat
  1041 | D:2      | Reached XP level 3. HP: 17/36 MP: 2/2
  1222 | D:2      | Noticed Terence
  1229 | D:2      | Killed Terence
  1230 | D:2      | Reached XP level 4. HP: 23/44 MP: 3/3
  1270 | D:2      | Noticed Sigmund
  1278 | D:2      | Killed Sigmund
  1279 | D:2      | Reached skill level 5 in Unarmed Combat
  1279 | D:2      | Reached XP level 5. HP: 40/50 MP: 4/4
  1663 | D:3      | Found a burning altar of Makhleb.
  1692 | D:3      | Became a worshipper of Makhleb the Destroyer
  2182 | D:4      | Noticed Grinder
  2209 | D:4      | Killed Grinder
  2210 | D:4      | Reached skill level 7 in Unarmed Combat
  2210 | D:4      | Reached XP level 6. HP: 18/59 MP: 5/5
  2456 | D:4      | Noticed Blork the orc
  2463 | D:4      | Killed Blork the orc
  2464 | D:4      | Reached skill level 1 in Throwing
  2464 | D:4      | Reached XP level 7. HP: 38/66 MP: 6/6
  3034 | D:4      | Found a runed translucent door.
  3035 | D:4      | Noticed Crazy Yiuf
  3042 | D:4      | Killed Crazy Yiuf
  3104 | D:5      | Entered Level 5 of the Dungeon
  3317 | D:5      | Reached skill level 8 in Unarmed Combat
  3511 | D:5      | Reached XP level 8. HP: 74/74 MP: 7/7
  3512 | D:5      | Found an ornate altar of the Wu Jian Council.
  3520 | D:5      | Found a shimmering blue altar of Sif Muna.
  3663 | D:5      | Reached * piety under Makhleb
  4212 | D:6      | Reached skill level 9 in Unarmed Combat
  4233 | D:6      | Found a sand-covered staircase.
  4238 | Ossuary  | Entered an ossuary
  4427 | Ossuary  | Reached skill level 5 in Throwing
  4589 | D:6      | Found a staircase to the Ecumenical Temple.
  4604 | D:6      | Reached ** piety under Makhleb
  4956 | D:6      | Reached XP level 9. HP: 65/80 MP: 8/8
  5248 | D:7      | Reached skill level 10 in Unarmed Combat
  5420 | D:7      | Found a white marble altar of Elyvilon.
  5420 | D:7      | Found a sparkling altar of Nemelex Xobeh.
  5570 | D:7      | HP: 4/80 [bullfrog zombie (3)]
  5571 | D:7      | Slain by a hornet zombie

Illustrated notes

Levels and vault maps discovered:
D:1:      enne_arrival_octagon_isle, layout_basic,
          hellmonk_ecumenical_altar_inner_sanctum, reono_crystal_passage
D:2:      layout_basic, uniq_terence, uniq_sigmund
D:3:      layout_basic, bloody_makhleb
D:4:      layout_loops_ring, uniq_grinder, uniq_blork_the_orc,
          uniq_crazy_yiuf_cottage
D:5:      layout_basic, minitemple, chequers_serial_rivers_small_b
D:6:      layout_basic, minmay_temple_entry_grid,
          nicolae_ossuary_entry_catacombs, nicolae_benzene_ring
D:7:      layout_basic, gammafunk_temple_overflow_wave, serial_undead,
          serial_undead_d, serial_undead_d, serial_undead_b, serial_undead_e,
          hangedman_decor_diamond_cutter

Skill      XL: |  1  2  3  4  5  6  7  8  9 |
---------------+----------------------------+-----
Unarmed Combat | 3 5 7 8 9 10 | 10.6
Throwing       | 1 3 6 7 |  7.1
Fighting       | |  2.6
Dodging        | |  2.6
Shields        | |  2.8

Action                     |  1- 3 |  4- 6 |  7- 9 || total
---------------------------+-------+-------+-------++-------
  Melee: Unarmed           |    79 |    46 |   235 ||   360
  Throw: Stone             |     4 |    27 |    35 ||    66
         Dart              |       |    11 |    27 ||    38
         Boomerang         |       |       |    60 ||    60
 Invoke: Minor Destruction |       |       |     8 ||     8
    Use: Potion            |     1 |       |     2 ||     3
         Scroll            |       |       |     9 ||     9
   Stab: Sleeping          |     1 |       |       ||     1
 Armour: Robe              |    14 |    12 |    89 ||   115
  Dodge: Dodged            |    22 |    10 |    74 ||   106
  Block: Kite shield       |    31 |     9 |    78 ||   118

Table legend: (Time is in decaauts)
 A = Elapsed time spent in this place.
 B = Non-inter-level travel time spent in this place.
 C = Inter-level travel time spent in this place.
 D = Time resting spent in this place.
 E = Time spent auto-exploring this place.
 F = Levels seen in this place.
 G = Mean time per level.
                   A        B        C        D        E       F      G
               +--------+--------+--------+--------+--------+-----+--------+
         Total |   5593 |   5263 |    330 |     38 |   4153 |   8 |  699.1 |
       Dungeon |   5332 |   5002 |    330 |     38 |   4002 |   7 |  761.7 |
       Ossuary |    261 |    261 |      0 |      0 |    151 |   1 |  261.0 |
               +--------+--------+--------+--------+--------+-----+--------+

Top non-repeatable levels by time:
     D:5: 1066 daAuts
     D:1: 961 daAuts
     D:4: 952 daAuts
     D:6: 762 daAuts
     D:2: 681 daAuts
     D:3: 531 daAuts
     D:7: 377 daAuts
 Ossuary: 261 daAuts
